 Dungeon Crawl Stone Soup version 0.32-a0-876-gcfddb08e57 (webtiles) character file.

Game seed: 14560368370062753480

16 Griffin23 the Shield-Bearer (level 2, -4/27 HPs)
             Began as a Minotaur Fighter on Apr 1, 2024.
             Slain by a kobold
             ... wielding a +0 dagger of electrocution
              (14 damage)
             ... on level 1 of the Dungeon.
             The game lasted 00:00:24 (323 turns).

Griffin23 the Shield-Bearer (Minotaur Fighter)       Turns: 323, Time: 00:00:24

Health: -4/27      AC:  7    Str: 20    XL:     2   Next: 37%
Magic:  1/1        EV:  8    Int:  5    God:
Gold:   47         SH:  4    Dex:  9    Spells: 1/1 levels left

rFire   . . .        a - +0 long sword
rCold   . . .        c - +0 buckler
rNeg    . . .        b - +0 scale mail
rPois   .            (helmet restricted)
rElec   .            (no cloak)
rCorr   .            (no gloves)
SInv    .            (no boots)
Will    .....        (no amulet) Stlth
                     (no ring)
HPRegen 0.24/turn    (no ring)
MPRegen 0.07/turn

%: no passive effects
@: no status effects
A: horns 2, retaliatory headbutt
a: no special abilities


You were on level 1 of the Dungeon.
You visited 1 branch of the dungeon, and saw 1 of its levels.

You collected 47 gold pieces.

Inventory:

Hand Weapons
 a - a +0 long sword (weapon)
Armour
 b - a +0 scale mail (worn)
 c - a +0 buckler (worn)
Scrolls
 e - a scroll of poison {unknown}
Potions
 d - 2 potions of might
 f - a potion of degeneration {unknown}
 g - a potion of invisibility {unknown}


   Skills:
 + Level 3.9 Fighting
 + Level 2.8 Long Blades
 + Level 3.9 Armour
 + Level 3.9 Shields


You had one spell level left.
You didn't know any spells.
Your spell library was empty.

Dungeon Overview and Level Annotations

Branches:
Dungeon (1/15)

Altars:


Innate Abilities, Weirdness & Mutations

You have a pair of horns on your head.
You reflexively headbutt those who attack you in melee.


Message History

You are too injured to fight recklessly!
You are too injured to fight recklessly!
You are too injured to fight recklessly!
You are too injured to fight recklessly!
You slash the rat!
You kill the rat!
Things that are here:
a +0 dagger; a rat corpse
Found a stone staircase leading down.
No target in view!
A goblin comes into view. It is wielding a +0 club.
The goblin shouts!
A goblin is nearby!
A goblin is nearby!
You closely miss the goblin. The goblin barely misses you.
You furiously retaliate!
You headbutt the goblin!
You kill the goblin!
No target in view!
No target in view!
g - a fuming blue potion A kobold comes into view.
It is wielding a +0 dagger of electrocution.
A kobold is nearby!
A kobold is nearby!
A kobold is nearby!
You barely miss the kobold. The kobold hits you but does no damage.
A kobold is nearby!
You closely miss the kobold. The kobold hits you but does no damage.
You are electrocuted!!
Ouch! That really hurt!
The kobold hits you but does no damage.
A kobold is nearby!
You are too injured to fight recklessly!
A kobold is nearby!
You are too injured to fight recklessly!
A kobold is nearby!
You are too injured to fight recklessly!
You completely miss the kobold. The kobold hits you but does no damage.
You are electrocuted!
Ouch! That really hurt!
You die...

..####.# ..#
##.######## . #..#
#.......... . #..#
#.........# #.
####..###.#######.#
##.##..........#
#...#.....###..#
#.......##..#
##..@....)..#
##.K.....#.#
#.......#.#
#.......#.#
#..#.........
#...).).....##
...##.##.#.#### ###
#.##.#.# ..##.#>#


You could see a kobold.

Vanquished Creatures
  A dart slug (D:1)
  An endoplasm (D:1)
  5 goblins (D:1)
  A hobgoblin (D:1)
  2 ball pythons (D:1)
  A bat (D:1)
  3 rats (D:1)
14 creatures vanquished.

Notes
Turn   | Place    | Note
-------+----------+-------------------------------------------
     0 | D:1      | Griffin23 the Minotaur Fighter began the quest for the Orb.
     0 | D:1      | Reached XP level 1. HP: 19/19 MP: 0/0
   142 | D:1      | Reached XP level 2. HP: 27/27 MP: 1/1
   323 | D:1      | Slain by a kobold

Illustrated notes

Levels and vault maps discovered:
D:1:      dpeg_arrival_connections, layout_loops_ring, minmay_pentomino_x4

Action                     || total
---------------------------++-------
  Melee: Long sword        ||    40
         Headbutt          ||     6
 Armour: Scale mail        ||    52
  Dodge: Dodged            ||    14
  Block: Buckler           ||    11

Table legend: (Time is in decaauts)
 A = Elapsed time spent in this place.
 B = Non-inter-level travel time spent in this place.
 C = Inter-level travel time spent in this place.
 D = Time resting spent in this place.
 E = Time spent auto-exploring this place.
 F = Levels seen in this place.
 G = Mean time per level.
                   A        B        C        D        E       F      G
               +--------+--------+--------+--------+--------+-----+--------+
         Total |    334 |    334 |      0 |      0 |    237 |   1 |  334.0 |
       Dungeon |    334 |    334 |      0 |      0 |    237 |   1 |  334.0 |
               +--------+--------+--------+--------+--------+-----+--------+

Top non-repeatable levels by time:
     D:1: 334 daAuts
